 Dungeon Crawl Stone Soup version 0.23.2 (webtiles) character file.

Game seed: 14984463293390714872

609 chuchuchu the Ruffian (level 7, -3/67 HPs)
             Began as a Troll Berserker on Apr 12, 2019.
             Was a Priest of Trog.
             Slain by a two-headed ogre
             ... wielding a +0 dire flail
              (17 damage)
             ... on level 8 of the Dungeon.
             The game lasted 00:08:02 (1356 turns).

chuchuchu the Ruffian (Troll Berserker)             Turns: 1356, Time: 00:08:03

Health: -3/67      AC:  6    Str: 28    XL:     7   Next: 19%
Magic:  6/6        EV: 11    Int:  3    God:    Trog [***...]
Gold:   141        SH:  0    Dex:  9    Spells: 6/6 levels left

rFire    . . .     SeeInvis .     - Unarmed
rCold    . . .     Gourm    +   (no shield)
rNeg     . . .     Faith    .   a - +0 animal skin
rPois    .         Spirit   .   (helmet restricted)
rElec    .         Reflect  .   (no cloak)
rCorr    .         Harm     .   (gloves unavailable)
MR       .....                  (boots unavailable)
Stlth    +.........             h - amulet of the acrobat
HPRegen  0.61/turn              (no ring)
MPRegen  0.10/turn              (no ring)

@: no status effects
A: large, unfitting armour, claws 3, fast metabolism 3, gourmand, regeneration
1, shaggy fur 1, tough skin 3
a: Berserk, Trog's Hand, Renounce Religion


You were on level 8 of the Dungeon.
You worshipped Trog.
Trog was most pleased with you.
You were not hungry.

You visited 1 branch of the dungeon, and saw 8 of its levels.

You collected 141 gold pieces.

Inventory:

Armour
 a - a +0 animal skin (worn)
Jewellery
 h - an amulet of the acrobat (around neck)
 j - an uncursed ring of poison resistance {unknown}
Scrolls
 d - 2 scrolls of identify {unknown}
 e - a scroll of remove curse {unknown}
 f - a scroll of random uselessness {unknown}
 g - a scroll of magic mapping {unknown}
 i - a scroll of amnesia {unknown}
 k - 2 scrolls of acquirement {unknown}
 l - a scroll of teleportation {unknown}
Potions
 c - 2 potions of curing {unknown}
 m - a potion of lignification {unknown}
 n - a potion of heal wounds {unknown}
Comestibles
 b - 6 rations


   Skills:
 + Level 3.0 Fighting
 + Level 4.0 Dodging
 + Level 0.4 Stealth
 + Level 6.9 Unarmed Combat


You had 6 spell levels left.
You didn't know any spells.
Your spell library contained the following spells:

 Spells                   Type           Power        Failure   Level  Hunger
 Confusing Touch          Hex            #.....       52%         1    ##.....
 Confuse                  Hex            #.......     88%         3    ####...
 Gell's Gravitas          Tloc           #.........   88%         3    ####...
 Petrify                  Tmut/Erth      #.......     99%         4    #####..
 Metabolic Englaciation   Hex/Ice        #.........   100%        5    ######.
 Yara's Violent Unravell  Hex/Tmut       #.........   100%        5    ######.


Dungeon Overview and Level Annotations

Branches:
Dungeon (8/15)
 Temple: D:4-7         Lair: D:8-11

Altars:
Elyvilon
Sif Muna
Zin

Annotations:
D:5 mongoose7101's ghost, novice DsFi
D:7 3 runed translucent doors, Yackwabbit's ghost, novice MiFi


Innate Abilities, Weirdness & Mutations

You are too large for most types of armour.
You have claws for hands.
Your metabolism is lightning-fast.
You like to eat raw meat.
Your natural rate of healing is unusually fast.
You are covered in fur. (AC +1)
You have extremely tough skin. (AC +3)


Message History

You scratch the hippogriff but do no damage.
The hippogriff is severely wounded.
The hippogriff barely misses you. The hippogriff closely misses you.
The hippogriff claws you!
The centaur shoots an arrow.
The arrow barely misses you.
The arrow barely misses the hippogriff.
Unknown command.
You mangle the hippogriff!!
You kill the hippogriff!
Trog accepts your kill.
Your Fighting skill increases to level 3!
Your Dodging skill increases to level 4!
You have reached level 7!
The two-headed ogre hits you with a +0 dire flail.
The two-headed ogre hits you with a cursed -2 giant spiked club!
* * * LOW HITPOINT WARNING * * *
The centaur shoots an arrow.
The arrow barely misses you.
You mangle the two-headed ogre!!
The two-headed ogre is moderately wounded.
The two-headed ogre hits you with a +0 dire flail!
You die...

#. .....<.
.#.###. (......
....... .......
#....#.## .....!.
.....#..##.......
##..........(....
.........<...##
.......O......#
......c@(...(.#
..............#
..............#
..............#
#....(........#
##............#
.....%.....#...
...............


You could see a two-headed ogre and a centaur.

Vanquished Creatures
  A hippogriff (D:8)
  2 crimson imps
  A hound (D:7)
  A centaur skeleton (D:4)
  An orc priest (D:3)
  5 orc wizards
  A worker ant (D:4)
  3 gnolls (D:5)
  4 adders
  4 dart slugs
  A leopard gecko (D:3)
  14 orcs
  4 bats (D:1)
  2 giant cockroaches
  11 goblins
  4 hobgoblins
  5 jackals
  4 kobolds (D:1)
  A quokka (D:7)
  2 ball pythons
  4 frilled lizards
  A leopard gecko skeleton (D:4)
  A leopard gecko zombie (D:7)
  A quokka zombie (D:6)
  3 rats
  2 plants (D:6)
83 creatures vanquished.

Notes
Turn   | Place    | Note
-------+----------+-------------------------------------------
     0 | D:1      | chuchuchu the Troll Berserker began the quest for the Orb.
     0 | D:1      | Reached XP level 1. HP: 22/22 MP: 0/0
    93 | D:1      | Reached XP level 2. HP: 29/29 MP: 1/1
   392 | D:3      | Reached XP level 3. HP: 36/36 MP: 2/2
   420 | D:3      | Reached ** piety under Trog
   442 | D:3      | Reached skill level 4 in Unarmed Combat
   442 | D:3      | Reached XP level 4. HP: 26/44 MP: 3/3
   458 | D:3      | Reached XP level 5. HP: 34/52 MP: 4/4
   538 | D:3      | Reached skill level 5 in Unarmed Combat
   746 | D:4      | Found a deep blue altar of Sif Muna.
   796 | D:4      | Reached XP level 6. HP: 52/59 MP: 5/5
   833 | D:5      | Entered Level 5 of the Dungeon
   836 | D:5      | Reached *** piety under Trog
   861 | D:5      | Noticed mongoose7101's ghost (novice DsFi)
   998 | D:6      | Found a white marble altar of Elyvilon.
  1061 | D:6      | Reached skill level 6 in Unarmed Combat
  1106 | D:7      | Found a runed translucent gate.
  1106 | D:7      | Found a runed translucent gate.
  1106 | D:7      | Found a runed translucent gate.
  1108 | D:7      | Noticed Yackwabbit's ghost (novice MiFi)
  1154 | D:7      | Found a glowing silver altar of Zin.
  1349 | D:8      | Noticed a hippogriff
  1350 | D:8      | Noticed a two-headed ogre
  1355 | D:8      | Killed a hippogriff
  1355 | D:8      | Reached XP level 7. HP: 32/67 MP: 6/6
  1356 | D:8      | Slain by a two-headed ogre

Skill      XL: |  1  2  3  4  5  6 |
---------------+-------------------+-----
Dodging        | 3 4 |  4.0
Unarmed Combat | 4 5 6 |  6.9
Fighting       | 3 |  3.0
Stealth        | |  0.4

Action                   |  1- 3 |  4- 6 |  7- 9 || total
-------------------------+-------+-------+-------++-------
Melee: Unarmed           |    84 |   130 |     1 ||   215
       Punch             |       |     4 |       ||     4
 Stab: Distracted        |       |     1 |       ||     1
  Eat: Ration            |       |     3 |       ||     3
Armor: Animal skin       |    50 |    27 |       ||    77
Dodge: Dodged            |    52 |    66 |     1 ||   119
